 Dungeon Crawl Stone Soup version 0.28.0-53-g5a82cb258f (webtiles) character file.

Game seed: 5108273080230546517

1857 bnorton916 the Thaumaturge (level 8, -2/41 HPs)
             Began as a Deep Elf Fire Elementalist on June 13, 2022.
             Was an Initiate of Gozag.
             Shot with a sling bullet by Joseph (16 damage)
             ... on level 7 of the Dungeon.
             The game lasted 00:10:03 (10523 turns).

bnorton916 the Thaumaturge (DEFE)                  Turns: 10523, Time: 00:10:03

Health: -2/41      AC:  7    Str: 11    XL:     8   Next: 89%
Magic:  17/22      EV: 13    Int: 23    God:    Gozag
Gold:   173        SH:  0    Dex: 19    Spells: 8/24 levels left

rFire   . . .      SeeInvis .   p - +2 demon whip (freeze)
rCold   + . .      Faith    .   (no shield)
rNeg    . . .      Spirit   .   l - +1 robe "Moemas" {Str+6 Dex+4}
rPois   +          Reflect  .   (no helmet)
rElec   .          Harm     .   e - +1 cloak {rPois}
rCorr   .          Rampage  .   (no gloves)
Will    .....                   m - +1 pair of boots
Stlth   ++........              (no amulet)
HPRegen 0.13/turn               t - ring of flight
MPRegen 0.18/turn               w - ring of protection from cold

@: flying
A: no striking features
a: Renounce Religion, Potion Petition, Call Merchant, Bribe Branch


You were on level 7 of the Dungeon.
You worshipped Gozag.
Gozag was aware of your devotion.
You visited 2 branches of the dungeon, and saw 8 of its levels.

You collected 250 gold pieces.
You paid 77 gold pieces to Gozag.

Inventory:

Hand Weapons
 f - a +2 dagger of venom
 p - a +2 demon whip of freezing (weapon)
 q - a +2 dagger of flaming
 r - a +0 dagger of holy wrath
 u - a +1 whip of flaming
Missiles
 b - 220 stones
 c - 8 boomerangs
 v - 5 javelins
Armour
 a - a +0 robe
 e - a +1 cloak of poison resistance (worn)
 h - a +1 leather armour of cold resistance
 l - the +1 robe "Moemas" (worn) {Str+6 Dex+4}
   (You found it on level 4 of the Dungeon)

   Str:       It affects your strength (+6).
   Dex:       It affects your dexterity (+4).
 m - a +1 pair of boots (worn)
 B - a +2 robe of positive energy
Jewellery
 t - a ring of flight (left hand)
 w - a ring of protection from cold (right hand)
Wands
 j - a wand of flame (20)
 o - a wand of charming (8)
Scrolls
 s - a scroll of torment {unknown}
 x - 2 scrolls of identify {unknown}
 y - a scroll of fog {unknown}
 z - 3 scrolls of enchant armour
 C - a scroll of holy word {unknown}
 D - a scroll of teleportation {unknown}
Potions
 d - 2 potions of degeneration {unknown}
 g - 3 potions of curing {unknown}
 i - a potion of flight {unknown}
 k - 2 potions of heal wounds {unknown}
 n - 2 potions of haste {unknown}
 A - 2 potions of attraction {unknown}
 E - a potion of resistance {unknown}


   Skills:
 - Level 2.3 Armour
 - Level 2.4 Dodging
 - Level 2.4 Stealth
 + Level 8.9 Spellcasting
 + Level 7.0 Conjurations
 + Level 7.7 Fire Magic


You had 8 spell levels left.
You knew the following spells:

 Your Spells              Type           Power      Damage    Failure   Level
a - Foxfire               Conj/Fire      100%       2x1d9     1%          1
b - Scorch                Fire           92%        2d9       1%          2
c - Conjure Flame         Conj/Fire      44%        6-21      1%          3
d - Searing Ray           Conj           84%        2d7       1%          2
e - Flame Wave            Conj/Fire      44%        2d10      3%          4
f - Fulminant Prism       Conj/Hex       13%        3d9       14%         4

Your spell library contained the following spells:

 Spells                   Type           Power      Damage    Failure   Level
 Magic Dart               Conj           100%       1d8       1%          1
 Inner Flame              Hex/Fire       28%        N/A       3%          3
 Animate Skeleton         Necr           20%        N/A       6%          1
 Apportation              Tloc           20%        N/A       6%          1
 Summon Small Mammal      Summ           40%        N/A       6%          1
 Lightning Bolt           Conj/Air       13%        1d26      38%         5
 Airstrike                Air            5%         N/A       54%         4
 Summon Lightning Spire   Summ/Air       10%        N/A       54%         4


Dungeon Overview and Level Annotations

Branches:
Dungeon (7/15)             Temple (1/1) D:7

Altars:
Ashenzari
Cheibriados
Dithmenos
Elyvilon
Fedhas
Gozag
Kikubaaqudgha
Nemelex Xobeh
Okawaru
Qazlal
Ru
Trog
Uskayaw
Vehumet
Wu Jian
Xom
Yredelemnul
Zin
Jiyva

Shops:
D:1 (!=!*   D:5 *

Annotations:
D:4 4 runed translucent doors
D:7 Joseph


Message History

Joseph, a Mercenary comes into view.
He is wielding a +2 quarterstaff.
Joseph is nearby!
Casting: Foxfire (safe; 1% risk of failure)
Confirm with . or Enter, or press ? or * to list all spells.
The fire begins to smoulder!
Joseph shouts!
Joseph shouts, "Wow!"
Joseph unwields a +2 quarterstaff.
Joseph wields a +0 hunting sling.
Joseph shoots a sling bullet.
The sling bullet hits you!
The fire ignites!
There is an escape hatch in the floor here.
Casting: Conjure Flame (safe; 1% risk of failure)
Confirm with . or Enter, or press ? or * to list all spells.
You conjure some foxfire!
Joseph shoots a sling bullet.
The sling bullet hits you.
Casting: Foxfire (safe; 1% risk of failure)
Confirm with . or Enter, or press ? or * to list all spells.
You conjure some foxfire!
The foxfire hits Joseph.
Joseph is moderately wounded.
The foxfire hits Joseph.
Joseph is moderately wounded.
The foxfire hits Joseph.
Joseph is moderately wounded.
Casting: Foxfire (safe; 1% risk of failure)
Confirm with . or Enter, or press ? or * to list all spells.
You conjure some foxfire!
The foxfire hits Joseph.
Joseph is moderately wounded.
The foxfire hits Joseph but does no damage.
Joseph is moderately wounded.
Joseph shoots a sling bullet.
The sling bullet closely misses you.
Casting: Foxfire (safe; 1% risk of failure)
Confirm with . or Enter, or press ? or * to list all spells.
Flames lash Joseph.
Joseph is heavily wounded.
Joseph's fire resistance burns away.
Joseph shoots a sling bullet.
The sling bullet hits you!
Joseph shoots a sling bullet.
The sling bullet hits you!
You die...
Your body crumbles into a pile of gold.

.# #>...#.# ## #.####.# #
#.# #># #.# #.# #.# #.#
#.# #@# ####### #.# #.#
......### #.# #.######
###.....# #.# #@.....####
........###.# #.###.....#
###.........# #.##...##.#
###.....##### #...._....#
##......########......_..#
.........................#
.#...###########._..⌠.._.#
###.## #.........# ###.#
##._.....##


You could see Joseph (combustible).

Vanquished Creatures
  Menkaure (D:5)
  3 ice beasts
  2 black bears
  An ogre (D:4)
  A necrophage (D:3)
  A centaur (D:6)
  A wyvern zombie (D:7)
  A scorpion (D:4)
  2 water moccasin skeletons
  2 howler monkeys
  2 centaur zombies
  A jelly (D:3)
  2 bullfrog zombies
  2 centaur skeletons
  A gnoll shaman (D:7)
  5 hounds
  A bullfrog skeleton (D:5)
  4 iguanas
  A howler monkey zombie (D:7)
  7 gnolls
  3 adders
  2 white imps
  An ufetubus (D:4)
  A worm (D:3)
  4 dart slugs
  7 orcs
  2 endoplasms
  2 giant cockroaches (D:3)
  9 goblins
  8 hobgoblins
  6 jackals
  5 quokkas
  8 ball pythons
  4 bats
  4 frilled lizards
  5 kobolds
  3 rats
115 creatures vanquished.

Vanquished Creatures (collateral kills)
  A giant cockroach (D:4)
1 creature vanquished.

Vanquished Creatures (others)
  495 foxfires
495 creatures vanquished.

Grand Total: 611 creatures vanquished

Notes
Turn   | Place    | Note
-------+----------+-------------------------------------------
     0 | D:1      | bnorton916 the Deep Elf Fire Elementalist began the quest
                  | for the Orb.
     0 | D:1      | Reached XP level 1. HP: 10/10 MP: 6/6
   104 | D:1      | Found Nodog's Distillery.
   298 | D:1      | Found Asuttude's Antique Weapon Boutique.
   310 | D:1      | Reached XP level 2. HP: 15/15 MP: 4/8
   464 | D:1      | Found Vilecaf's General Store.
   738 | D:1      | Found Niviucloe's Distillery.
   760 | D:1      | Found Xoysapok's Jewellery Boutique.
  1518 | D:2      | Reached XP level 3. HP: 19/19 MP: 5/10
  2761 | D:3      | Noticed a necrophage
  2777 | D:2      | Learned a level 2 spell: Scorch
  2781 | D:2      | Learned a level 3 spell: Conjure Flame
  2816 | D:3      | Found a shadowy altar of Dithmenos.
  2955 | D:3      | Reached skill level 4 in Spellcasting
  2961 | D:3      | Reached XP level 4. HP: 11/24 MP: 8/12
  3166 | D:3      | Reached skill level 1 in Armour
  3582 | D:3      | HP: 1/24 [acid (9)]
  3584 | D:3      | Reached XP level 5. HP: 2/28 MP: 7/13
  4137 | D:3      | Killed a necrophage
  4138 | D:3      | Reached skill level 5 in Spellcasting
  4452 | D:4      | Reached XP level 6. HP: 32/32 MP: 7/15
  4589 | D:4      | Found an iron altar of Okawaru.
  4650 | D:4      | Found a large runed translucent door.
  4651 | D:4      | Found a large runed translucent door.
  4657 | D:4      | Found a large runed translucent door.
  4657 | D:4      | Found a large runed translucent door.
  4658 | D:4      | Noticed a wyvern
  4658 | D:4      | Noticed a water moccasin
  5070 | D:5      | Entered Level 5 of the Dungeon
  5148 | D:4      | Reached skill level 5 in Fire Magic
  5427 | D:4      | Identified the +1 robe "Moemas" {Str+6 Dex+4}
  5549 | D:4      | Reached XP level 7. HP: 32/36 MP: 11/17
  5675 | D:4      | Reached skill level 6 in Spellcasting
  5903 | D:5      | Found Rufeg's Assorted Antiques.
  6778 | D:5      | Learned a level 2 spell: Searing Ray
  6783 | D:5      | Learned a level 4 spell: Flame Wave
  6788 | D:5      | Learned a level 4 spell: Fulminant Prism
  6885 | D:5      | Reached skill level 5 in Conjurations
  6993 | D:5      | Noticed Menkaure
  7006 | D:5      | Killed Menkaure
  7007 | D:5      | Reached skill level 7 in Spellcasting
  7319 | D:5      | Found a shimmering altar of Xom.
  7770 | D:5      | Reached XP level 8. HP: 41/41 MP: 14/20
  8725 | D:6      | Reached skill level 8 in Spellcasting
  8910 | D:7      | Found a staircase to the Ecumenical Temple.
  8921 | Temple   | Entered the Ecumenical Temple
 10472 | D:7      | Found a sacrificial altar of Ru.
 10475 | D:7      | Found a hide-covered altar of Uskayaw.
 10476 | D:7      | Found a glowing silver altar of Zin.
 10476 | D:7      | Found a snail-covered altar of Cheibriados.
 10477 | D:7      | Found an opulent altar of Gozag.
 10478 | D:7      | Found a blossoming altar of Fedhas.
 10492 | D:7      | Became a worshipper of Gozag Ym Sagoz the Greedy
 10506 | D:7      | Noticed Joseph
 10523 | D:7      | Shot with a sling bullet by Joseph

Illustrated notes

Levels and vault maps discovered:
D:1:      denvon_arrival_waterhouse, layout_basic, serial_shops, shop_statue,
          nicolae_shop_window_shopping, nicolae_square_shop, shop, shop,
          minmay_stone_trees_small, hex_intersection
D:2:      layout_basic, hex_intersection
D:3:      layout_basic, mainiacjoe_overflow_small_starburst, hex_medium
D:4:      layout_basic, okawaru_gym_becter, minmay_hollow_rounded_squares
D:5:      layout_loops_cross, brannock_xom_greatest_gift, serial_shops, shop,
          uniq_menkaure
D:6:      layout_basic, minmay_misc_feat_iff
D:7:      layout_loops_ring, grunt_temple_overflow_open,
          minmay_temple_entry_large_hall, kennysheep_small_spiral, uniq_joseph
Temple:   pf_slimified_temple

Skill      XL: |  1  2  3  4  5  6  7  8 |
---------------+-------------------------+-----
Conjurations   | 2 3 4 5 7 |  7.0
Spellcasting   | 4 5 7 8 |  8.9
Fire Magic     | 4 5 6 7 |  7.7
Armour         | 1 2 |  2.3
Dodging        | |  2.4
Stealth        | |  2.4

Action                   |  1- 3 |  4- 6 |  7- 9 || total
-------------------------+-------+-------+-------++-------
Melee: Dagger            |     8 |       |       ||     8
       Demon whip        |       |     1 |       ||     1
 Cast: Foxfire           |   129 |    75 |    89 ||   293
       Scorch            |       |    18 |    34 ||    52
       Conjure Flame     |       |     1 |     9 ||    10
Evoke: Wand              |       |     3 |       ||     3
  Use: Scroll            |       |     3 |       ||     3
Armor: Robe              |     3 |     4 |    18 ||    25
Dodge: Dodged            |    10 |    16 |    31 ||    57
